 Seeded DCSS version 0.30.0-18-gc0e69614cb (webtiles) character file.

Game seed: 5 (custom seed)

706 Kazon the Chopper (level 7, -2/60 HPs)
             Began as a Black Draconian Monk on May 24, 2023.
             Was a Believer of Okawaru.
             Slain by an ogre
             ... wielding a +0 giant spiked club
              (22 damage)
             ... on level 5 of the Dungeon.
             The game lasted 00:17:06 (3004 turns).

Kazon the Chopper (Black Draconian Monk)            Turns: 3004, Time: 00:17:07

Health: -2/60      AC:  6    Str: 16    XL:     7   Next: 39%
Magic:  15/17      EV: 15    Int: 10    God:    Okawaru [**....]
Gold:   203        SH: 16    Dex: 19    Spells: 6/6 levels left

rFire   . . .        a - +0 war axe
rCold   . . .        c - +0 tower shield
rNeg    . . .        (body armour unavailable)
rPois   .            (helmet restricted)
rElec   +            (no cloak)
rCorr   .            (no gloves)
SInv    .            (no boots)
Will    .....        d - amulet of regeneration
Stlth   +++          r - ring of magical power
HPRegen 1.10/turn    y - +6 ring of dexterity
MPRegen 0.15/turn

%: no passive effects
@: short of breath, heroic
A: breathe lightning, AC +6, unfitting armour, electricity resistance,
cold-blooded
a: Breathe Lightning, Renounce Religion, Heroism


You were on level 5 of the Dungeon.
You worshipped Okawaru.
Okawaru was pleased with you.
You visited 2 branches of the dungeon, and saw 6 of its levels.

You collected 203 gold pieces.

Inventory:

Hand Weapons
 a - a +0 war axe (weapon)
 e - a +2 vampiric dagger
 f - a +0 hand axe of flaming
 w - the +2 sling "Qeuhanocyt" {speed, rElec Str-3 Dex+2}
   (You found it on level 3 of the Dungeon)

   Str:       It affects your strength (-3).
   Dex:       It affects your dexterity (+2).
   rElec:     It insulates you from electricity.
Missiles
 h - 9 stones (quivered)
 l - 3 boomerangs
 q - 5 poisoned darts
Armour
 c - a +0 tower shield (worn)
 A - an orb of light
Jewellery
 d - an amulet of regeneration (around neck)
 r - a ring of magical power (left hand)
 y - a +6 ring of dexterity (right hand)
 D - an amulet of guardian spirit
Wands
 B - a wand of paralysis (8)
Scrolls
 j - a scroll of blinking {unknown}
 k - 2 scrolls of teleportation {unknown}
 m - 2 scrolls of magic mapping {unknown}
 n - a scroll of summoning {unknown}
 o - 2 scrolls of identify {unknown}
 v - a scroll of torment {unknown}
 z - a scroll of amnesia {unknown}
Potions
 b - a potion of ambrosia
 g - a potion of resistance {unknown}
 i - a potion of magic {unknown}
 p - 3 potions of curing {unknown}
 s - a potion of flight {unknown}
 t - a potion of berserk rage {unknown}
 u - 2 potions of invisibility {unknown}
 x - 2 potions of heal wounds {unknown}
 C - a potion of lignification {unknown}
 E - a potion of attraction {unknown}


   Skills:
 + Level 4.8(9.8) Fighting
 + Level 1.9(6.9) Short Blades
 + Level 4.9(9.9) Axes
 + Level 2.2(7.2) Throwing
 + Level 3.9(8.9) Dodging
 + Level 1.0(6.0) Stealth
 * Level 2.4(7.4) Shields
 * Level 2.2 Invocations
 * Level 0.9 Evocations


You had 6 spell levels left.
You didn't know any spells.
Your spell library contained the following spells:

 Spells                   Type           Power      Damage    Failure   Level
 Frozen Ramparts          Ice            0%         1d1       100%        3
 Ice Form                 Ice/Tmut       0%         N/A       100%        4
 Summon Ice Beast         Ice/Summ       Unusable   N/A       N/A         4

Dungeon Overview and Level Annotations

Branches:
Dungeon (5/15)             Temple (1/1) D:4

Altars:
Dithmenos
Fedhas
Gozag
Hepliaklqana
Okawaru
Qazlal
Trog
Uskayaw
Wu Jian
The Shining One


Innate Abilities, Weirdness & Mutations

You can breathe wild blasts of lightning.
Your glossy black scales are hard. (AC +6)
You cannot fit into any form of body armour.
You are resistant to electric shocks. (rElec)
You are cold-blooded and may be slowed by cold attacks.


Message History

An ogre comes into view. It is wielding a +0 giant spiked club.
Throw: 12 stones
Press: ? - help, Q - select action, (/) - cycle Shift-Dir - straight line, f - gnoll
Aim: a gnoll, wielding a +0 flail (68% to hit)
You throw a stone. The ogre shouts!
The stone hits the gnoll but does no damage.
A gnoll comes into view. It is wielding a +0 spear.
Unknown command.
Throw: 11 stones
Press: ? - help, Q - select action, (/) - cycle Shift-Dir - straight line, f/p - gnoll
Aim: a gnoll, wielding a +0 flail (68% to hit)
You throw a stone. The stone barely misses the gnoll.
Unknown command.
Throw: 10 stones
Press: ? - help, Q - select action, (/) - cycle Shift-Dir - straight line, f/p - gnoll
Aim: a gnoll, wielding a +0 flail (68% to hit)
You throw a stone. The stone hits the gnoll.
The gnoll is moderately wounded.
A gnoll comes into view. It is wielding a +0 whip.
You gain the combat prowess of a mighty hero.
You hit the ogre.
The ogre is lightly wounded.
The ogre hits you with a +0 giant spiked club!!
You block the gnoll's attack.
You slash the ogre!
The ogre is heavily wounded.
You hit the gnoll. You block the ogre's attack.
The gnoll hits you with a +0 flail.
The gnoll hits you from afar with a +0 spear!
You hit the ogre.
The ogre is severely wounded.
You hit the gnoll but do no damage. You block the gnoll's attack. x2
The ogre misses you.
You closely miss the gnoll.
The gnoll is heavily wounded.
You hit the ogre but do no damage. You block the gnoll's attack.
The gnoll hits you with a +0 flail.
The ogre hits you with a +0 giant spiked club!!
You die...

#.........
#........
#....... #......
#.....# #..)..#
#..g..#
#.gOg.######
##@##......#
.........#......#
.........#......#
#####....#......#
######......#
#......# #......#
#......#
#######......#


You could see an ogre and 3 gnolls.

Vanquished Creatures
  Sigmund (D:4)
  2 black bears (D:4)
  A scorpion (D:4)
  A hound (D:4)
  A jelly (D:5)
  3 iguanas
  A gnoll (D:5)
  7 adders
  An ufetubus (D:4)
  3 worms
  6 orcs
  4 bats
  9 endoplasms
  A giant cockroach (D:1)
  12 goblins
  7 hobgoblins
  11 jackals
  3 kobolds
  3 quokkas (D:4)
  6 ball pythons
  3 frilled lizards
  4 rats
90 creatures vanquished.

Notes
Turn   | Place    | Note
-------+----------+-------------------------------------------
     0 | D:1      | Kazon the Draconian Monk began the quest for the Orb.
     0 | D:1      | Reached XP level 1. HP: 19/19 MP: 1/1
    83 | D:1      | Reached XP level 2. HP: 17/26 MP: 2/2
   591 | D:1      | Identified a scroll of acquirement
   591 | D:1      | Acquired an amulet of regeneration
   608 | D:1      | Reached XP level 3. HP: 32/33 MP: 3/3
   987 | D:2      | Reached XP level 4. HP: 40/40 MP: 4/4
  1693 | D:3      | Found a blossoming altar of Fedhas.
  1707 | D:3      | Reached skill level 1 in Throwing
  1844 | D:3      | Found a stormy altar of Qazlal.
  1991 | D:3      | Found a faded altar of an unknown god.
  2012 | D:3      | Identified the +2 sling "Qeuhanocyt" {speed, rElec Str-3
                  | Dex+2}
  2079 | D:4      | Found a staircase to the Ecumenical Temple.
  2087 | Temple   | Entered the Ecumenical Temple
  2100 | Temple   | Became a worshipper of Warmaster Okawaru
  2100 | Temple   | Reached * piety under Okawaru
  2100 | Temple   | Reached ** piety under Okawaru
  2302 | D:4      | Reached XP level 5. HP: 44/47 MP: 5/5
  2448 | D:4      | Noticed a black bear
  2458 | D:4      | Killed a black bear
  2459 | D:4      | Reached skill level 1 in Shields
  2600 | D:4      | Noticed Sigmund
  2611 | D:4      | Killed Sigmund
  2612 | D:4      | Reached skill level 1 in Short Blades
  2612 | D:4      | Reached skill level 1 in Invocations
  2612 | D:4      | Reached XP level 6. HP: 41/53 MP: 7/7
  2679 | D:4      | Found a hazy altar of Hepliaklqana.
  2680 | D:4      | Found a shadowy altar of Dithmenos.
  2680 | D:4      | Noticed a shadow
  2806 | D:4      | Your scales start taking on a glossy black colour.
  2806 | D:4      | Reached XP level 7. HP: 60/60 MP: 8/8
  2806 | D:4      | Gained mutation: You are resistant to electric shocks.
                  | (rElec) [Black Draconian growth]
  2883 | D:5      | Entered Level 5 of the Dungeon
  2957 | D:5      | Reached skill level 1 in Stealth
  3004 | D:5      | Slain by an ogre

Illustrated notes

Levels and vault maps discovered:
D:1:      ebering_trefoil_3fold, layout_basic, st_stairs_14, serial_bayou_ford_a
D:2:      layout_basic, hangedman_decor_growths, minmay_close_crescents
D:3:      layout_rooms, mainiacjoe_overflow_concentric_impassable,
          mainiacjoe_overflow_paths, shapermc_ecumenical_altar_acropolis,
          chequers_serial_rivers_micro_b
D:4:      layout_basic, riverfiend_overflow_shadow_ancestor,
          minmay_temple_entry_glass, uniq_sigmund
D:5:      layout_gridville
Temple:   nicolae_temple_elliptical

Skill      XL: |  1  2  3  4  5  6  7 |
---------------+----------------------+-----
Dodging        | 3 |  3.9
Fighting       | 4 |  4.8
Throwing       | 1 2 |  2.2
Axes           | 4 |  4.9
Shields        | 1 2 |  2.4
Short Blades   | 1 |  1.9
Invocations    | 1 2 |  2.2
Stealth        | 1 |  1.0
Evocations     | |  0.9

Action                     |  1- 3 |  4- 6 |  7- 9 || total
---------------------------+-------+-------+-------++-------
  Melee: Hand axe          |   113 |    69 |       ||   182
         Tailslap          |    16 |    17 |     1 ||    34
         War axe           |       |    46 |    23 ||    69
  Throw: Stone             |       |     4 |     9 ||    13
         Dart              |       |     8 |       ||     8
         Boomerang         |       |    14 |       ||    14
 Invoke: Heroism           |       |     1 |     1 ||     2
Ability: Breathe Lightning |       |       |     2 ||     2
    Use: Scroll            |     3 |       |       ||     3
 Armour: Skin              |    36 |    28 |     7 ||    71
  Dodge: Dodged            |    73 |    79 |    14 ||   166
  Block: Tower shield      |       |     2 |    22 ||    24
